Cogmind - Beta 13 @@@ ROGUE MODE // 2024.06.10 @ 02:08:07 Player: hanzu Result: Destroyed by Fortress with Graviton Cannon Performance ------------- Evolutions (8) 4000 Regions Visited (16) 3200 Robots Destroyed (138) 690 Value Destroyed (5787) 5787 Prototype IDs (20) 400 Alien Tech Used (0) 0 Bonus (1288) 1288 TOTAL SCORE: 15365 Bonus ------- High Alert Combat Kills 247 Follower Combat Kills 50 Entered Garrisons 200 Entered DSFs 500 Acquired ECA 300 Friendly Fire -9 Cogmind --------- Core Integrity 0/1450 Matter 267/300 Energy 147/600 System Corruption 5% Temperature Cool (0) Movement Hovering (40) Location -2/Testing Parts ------- > --- POWER (2) -------- (None) > --- PROPULSION (6) --- Cooled Linear Gravjet > --- UTILITY (9) ------ Small Storage Unit Advanced Energy Well Machine Analyzer Advanced Salvage Targeting Computer Advanced Salvage Targeting Computer Hacking Suite > --- WEAPON (6) ------- (None) > --- INVENTORY (8) ---- Coolant Network Peak State ------------ > --- POWER ------------ Light Quantum Reactor > --- PROPULSION ------- Combat Gravmag System Combat Antigrav System Impulse Thruster Field Propulsion Array Q-thruster > --- UTILITY ---------- Coolant Network Improved Coolant Injector Medium Storage Unit Machine Analyzer Advanced Terrain Scanner Encrypted Comm Array ECM Suite Improved Phase Shifter > --- WEAPON ----------- Heavy Pick > --- INVENTORY -------- High-powered Tractor Beam Dispersion Rifle Quantum Rifle Enhanced Quantum Rifle HERF Cannon Long-range Phase Cannon Nova Cannon High-powered Shotgun Coil Gun [Rating: 108] Favorites ----------- Power Neutrino Core Engine Angular Momentum Engine Power Core Neutrino Core Reactor Light Quantum Reactor Propulsion Compact Wheel Treads Light Treads Leg Carbon-fiber Leg Wheel Compact Wheel Hover Unit Combat Gravmag System Flight Unit Impulse Thruster Utility High-capacity Storage Unit Device Improved Weapon Cycler Storage High-capacity Storage Unit Processor Advanced Salvage Targeting Computer Hackware System Shield Protection Medium Armor Plating Weapon Assault Rifle Energy Gun Improved Medium Laser Energy Cannon Heavy Particle Cannon Ballistic Gun Assault Rifle Ballistic Cannon Advanced Assault Cannon Impact Weapon Heavy Hammer Piercing Weapon Heavy Pick Build | -11 -10 -10 -9 -8 -8 -7 -6 -6 -5 -5 -4 -4 -4 -3 -2 -2 ------- Run | Yrd Mat Min Mat Mat Gar Fac Fac DSF Fac Ext Fac Upp Upp Res Res Tes Slots Evolved 16 | . . . 2 2 . 2 2 . 2 . 2 . . 2 2 . Power 1 | . . . . . . . . . 1 . . . . . . . Propulsion 4 | . . . . . . 1 1 . . . . . . 2 . . Utility 7 | . . . 1 . . 1 1 . . . 2 . . . 2 . Weapon 4 | . . . 1 2 . . . . 1 . . . . . . . Parts Attached 186 | 6 2 1 7 2 23 2 2 13 34 16 18 7 . 14 6 33 Power 17 | 1 . . 1 . 3 . . . 2 3 2 . . 1 1 3 Engine 6 | 1 . . 1 . . . . . 1 3 . . . . . . Core 5 | . . . . . 3 . . . 1 . . . . . . 1 Reactor 6 | . . . . . . . . . . . 2 . . 1 1 2 Propulsion 51 | 2 . . 1 . 4 1 1 4 8 5 7 1 . 6 . 11 Treads 7 | . . . . . . . . 4 . 1 2 . . . . . Leg 12 | . . . . . 3 1 1 . 7 . . . . . . . Wheel 9 | 2 . . 1 . 1 . . . 1 4 . . . . . . Hover 7 | . . . . . . . . . . . 1 . . 2 . 4 Flight 16 | . . . . . . . . . . . 4 1 . 4 . 7 Utility 63 | 1 2 1 2 . 5 1 1 5 10 6 4 2 . 5 5 13 Device 39 | . 1 . 1 . 4 . 1 4 6 5 4 1 . 5 3 4 Storage 11 | 1 1 1 . . . . . . 2 1 . 1 . . 1 3 Processor 6 | . . . . . . 1 . . . . . . . . 1 4 Hackware 2 | . . . 1 . . . . . . . . . . . . 1 Protection 5 | . . . . . 1 . . 1 2 . . . . . . 1 Artifact . | . . . . . . . . . . . . . . . . . Weapon 55 | 2 . . 3 2 11 . . 4 14 2 5 4 . 2 . 6 Energy Gun 16 | . . . 1 1 4 . . 1 1 . 3 4 . . . 1 Energy Cannon 6 | . . . . . 1 . . . 3 . 1 . . . . 1 Ballistic Gun 25 | 2 . . 2 1 6 . . 3 5 2 1 . . . . 3 Ballistic Cannon 4 | . . . . . . . . . 4 . . . . . . . Launcher . | . . . . . . . . . . . . . . . . . Special Weapon . | . . . . . . . . . . . . . . . . . Impact Weapon 1 | . . . . . . . . . 1 . . . . . . . Slashing Weapon . | . . . . . . . . . . . . . . . . . Piercing Weapon 3 | . . . . . . . . . . . . . . 2 . 1 Special Melee Weapon . | . . . . . . . . . . . . . . . . . Unidentified Prototypes 12 | . . . 1 . . . . . 1 . . . . . 1 9 Corrupted Parts 2 | . . . . . . . . . 1 . 1 . . . . . System Corruption 7 | . . . . . . . . . 5 . 2 . . . . . Parts Lost 122 | . . 1 2 . 18 . . 12 18 11 25 1 . 4 . 30 Power 10 | . . . 1 . 1 . . . 2 . 2 . . 1 . 3 Propulsion 35 | . . 1 . . 3 . . 3 5 4 6 1 . 1 . 11 Utility 37 | . . . 1 . 4 . . 4 5 5 7 . . . . 11 Weapon 40 | . . . . . 10 . . 5 6 2 10 . . 2 . 5 Highest Loss Streak 22 | . . 1 2 . 7 . . 8 4 8 22 1 . 4 . 13 To Critical Strikes 3 | . . . . . . . . . 1 . 1 . . . . 1 Average Slot Usage (%) 79 | . 94 93 98 100 94 100 100 91 86 81 39 31 31 32 61 46 Engine 4 | . 14 14 11 9 1 . . . 5 8 3 . . . . . Core 2 | . . . . . 7 7 6 6 2 . . . . . . . Treads 1 | . . . . . . . . 2 9 1 . . . . . . Leg 5 | . . . . . 6 23 26 18 9 8 . . . . . . Wheel 7 | . 28 22 22 18 8 . . . 1 5 6 . . . . . Flight 2 | . . . . . . . . . . . 3 15 15 9 13 12 Device 14 | . 9 14 17 9 13 15 20 19 18 16 11 . . 12 24 6 Storage 7 | . 14 14 11 9 9 7 6 6 6 5 2 . . . 2 4 Processor 1 | . . . . . . 7 6 2 . . . . . . 3 11 Energy Gun 8 | . . . 8 18 20 23 20 13 5 1 . 9 10 3 . . Ballistic Gun 15 | . 28 28 24 27 20 15 13 17 9 24 7 . . . . 3 Ballistic Cannon 1 | . . . . . . . . . 8 . . . . . . . Impact Weapon 1 | . . . . . . . . . 3 5 1 . . . . . Naked Turns 8 | . . . . . . . . . . . 8 . . . . . Heaviest Build 98 | 12 28 48 54 59 78 78 79 82 98 72 72 28 28 29 36 43 Greatest Support 80 | 26 26 26 32 32 32 42 57 80 80 65 57 29 29 30 30 63 Greatest Overweight (x) 18 | . 1 2 1 1 18 1 1 1 5 6 2 . . 1 1 6 Average Overweight (x) . | . . 1 1 1 2 1 1 . 1 . . . . . . . Largest Inventory Capacity 35 | 8 15 20 20 20 20 20 20 20 20 10 10 35 5 5 10 10 Average Capacity 14 | 7 12 15 20 20 20 20 20 20 12 8 7 5 5 5 8 9 Most Carried 20 | 2 6 9 14 14 20 19 18 19 16 9 10 5 5 5 10 10 Average Carried 9 | . 4 7 9 12 13 18 17 14 8 5 6 4 5 4 6 7 Final Capacity 20 | 8 15 20 20 20 20 20 20 20 5 10 5 5 5 5 10 8 Final Carried 20 | 2 6 8 13 14 20 19 17 17 5 9 5 5 5 5 10 2 Class Distribution -------------------- 30% | Mutant 19% | Scavenger-Gunner 15% | Scavenger-Executioner 11% | Gunner 6% | Scavenger-Tank 6% | Tank 6% | Scavenger-Mutant 3% | Skirmisher Dominant Class ---------------- Mutant | -10/Materials Mutant | -10/Mines Skirmisher | -9/Materials Gunner | -8/Materials Scavenger-Gunner | -8/Garrison Scavenger-Gunner | -7/Factory Scavenger-Gunner | -6/Factory Scavenger-Tank | -6/DSF Scavenger-Executioner | -5/Factory Scavenger-Executioner | -5/Extension Mutant | -4/Factory Mutant | -4/Upper Caves Mutant | -4/Upper Caves Mutant | -3/Research Mutant | -2/Research Scavenger-Mutant | -2/Testing Resources | -11 -10 -10 -9 -8 -8 -7 -6 -6 -5 -5 -4 -4 -4 -3 -2 -2 ----------- Run | Yrd Mat Min Mat Mat Gar Fac Fac DSF Fac Ext Fac Upp Upp Res Res Tes Matter Collected 4779 | 229 145 93 242 19 640 20 . 414 1218 883 216 35 . 161 113 351 Remotely 354 | . . . . . . . . . . 354 . . . . . . Salvage Created 6389 | . 200 87 388 65 1130 . . 695 1229 1543 547 . . 83 113 309 Parts 324 | . 19 12 27 6 59 . . 38 49 65 23 . . 2 5 19 Haulers Intercepted 1 | . . . . . . . . . 1 . . . . . . . Recyclers Shooed 3 | . . . . . . . . . 1 1 . . . . . 1 Parts Field Recycled . | . . . . . . . . . . . . . . . . . Retrieved Matter . | . . . . . . . . . . . . . . . . . Parts Self-Destructed 4 | . . . . . . . . . . . . 4 . . . . Prevented . | . . . . . . . . . . . . . . . . . Kills | -11 -10 -10 -9 -8 -8 -7 -6 -6 -5 -5 -4 -4 -4 -3 -2 -2 ------- Run | Yrd Mat Min Mat Mat Gar Fac Fac DSF Fac Ext Fac Upp Upp Res Res Tes Combat Hostiles Destroyed 115 | . 6 6 10 3 27 . . 11 22 15 7 . . 1 . 7 Melee 6 | . . . . . . . . . . . 1 . . 1 . 4 Guns 95 | . 6 6 10 3 26 . . 11 10 15 6 . . . . 2 Cannons 8 | . . . . . . . . . 8 . . . . . . . Classes Destroyed 16 | . 4 . 1 . 3 . . 2 4 2 . . . . . . Builder 3 | . . . . . . . . . 1 2 . . . . . . Tunneler 2 | . . . . . . . . . . 2 . . . . . . Hauler 1 | . . . . . . . . . 1 . . . . . . . Recycler 8 | . . . . . . . . . 2 5 . . . . 1 . Operator 3 | . 1 . . 1 . . . . . 1 . . . . . . Watcher 6 | . 1 . 2 . 1 . . . . 1 1 . . . . . Swarmer 37 | . 3 6 3 3 8 . . 3 2 4 . . . . . 5 Grunt 41 | . 3 . 6 . 8 . . 3 9 7 5 . . . . . Brawler 1 | . . . . . . . . 1 . . . . . . . . Duelist 1 | . . . . . . . . . 1 . . . . . . . Sentry 9 | . . . 1 . 3 . . . 1 2 2 . . . . . Specialist 2 | . . . . . 1 . . 1 . . . . . . . . Hunter 14 | . . . . . 6 . . 2 4 . . . . 1 . 1 Programmer 6 | . . . . . 1 . . . 4 . . . . . . 1 Heavy 2 | . . . . . . . . 1 1 . . . . . . . Behemoth 2 | . . . . . . . . . . 2 . . . . . . Best Kill Streak 8 | . 4 3 8 3 6 . . 4 3 8 7 . . 1 1 3 Combat Bots Only 7 | . 3 3 7 3 6 . . 4 3 4 6 . . 1 . 3 Max Kills in Single Turn 2 | . 1 1 2 1 2 . . 2 2 2 1 . . 1 1 1 Gunslinging 1 | . . . 1 . 1 . . 1 1 1 . . . . . . Exploded . | . . . . . . . . . . . . . . . . . Melee 1 | . . . . . . . . . . . 1 . . 1 . 1 Uniques/NPCs Destroyed . | . . . . . . . . . . . . . . . . . Combat | -11 -10 -10 -9 -8 -8 -7 -6 -6 -5 -5 -4 -4 -4 -3 -2 -2 -------- Run | Yrd Mat Min Mat Mat Gar Fac Fac DSF Fac Ext Fac Upp Upp Res Res Tes Hostile Shots Fired 1257 | . 21 18 41 4 175 . . 84 174 103 256 17 . 60 36 268 Missed 358 | . 9 7 10 2 35 . . 15 40 33 82 7 . 20 18 80 Damage Taken 17127 | . 110 101 383 17 1691 . . 1310 3205 1513 3223 235 . 635 447 4257 Core 4120 | . 21 16 109 10 283 . . 53 843 116 813 81 . 301 104 1370 Absorbed by Shields 43 | . . . . . . . . 43 . . . . . . . . Ignored by Resistances 442 | . . . . . . . . 261 181 . . . . . . . Regen/Repaired (Parts) 92 | . . . . . . . . . . . . . . 92 . . Core Remaining (%) 66 | 100 . 85 72 . 46 100 . 93 . 4 . . 22 76 . . Volleys Fired 313 | . 19 13 30 6 65 . . 31 62 44 21 . . . . 22 Largest 6 | . 2 2 3 5 5 . . 5 6 5 5 . . . . 2 Hottest 324 | . 40 40 96 184 275 . . 214 324 189 150 . . . . 140 Shots Fired 1064 | . 38 26 89 26 243 . . 125 220 193 70 . . . . 34 Gun 937 | . 38 26 89 26 237 . . 125 104 193 68 . . . . 31 Cannon 127 | . . . . . 6 . . . 116 . 2 . . . . 3 Launcher . | . . . . . . . . . . . . . . . . . Special . | . . . . . . . . . . . . . . . . . Kinetic 785 | . 38 26 63 18 135 . . 84 149 179 62 . . . . 31 Thermal 253 | . . . 26 8 103 . . 40 56 14 3 . . . . 3 Explosive . | . . . . . . . . . . . . . . . . . Electromagnetic 26 | . . . . . 5 . . 1 15 . 5 . . . . . Robot Hit Streak 16 | . 12 5 6 4 11 . . 16 16 12 14 . . . . 7 Robot Miss Streak 12 | . 3 3 3 2 6 . . 7 3 12 3 . . . . 3 Penetration Max 2 | . . . . . . . . 1 1 2 1 . . . . . Secondary Targets 18 | . . . 3 . 4 . . 5 2 3 1 . . . . . Max Gunslinging Chain 2 | . . . 1 . 1 . . 2 1 1 1 . . . . . Shots Hit Robots 644 | . 26 14 52 11 127 . . 72 140 108 45 . . 8 1 40 Core Hits 268 | . 9 7 18 6 54 . . 31 51 47 21 . . 5 1 18 Critical Kills 14 | . 1 . . . 2 . . . 3 6 2 . . . . . Critical Parts Destroyed 9 | . . . . . . . . . 1 7 . . . . . 1 Critical Strikes 48 | . 1 . 2 . 8 . . 2 11 15 3 . . 1 . 5 Burn 15 | . . . 2 . 6 . . 2 4 1 . . . . . . Destroy 24 | . 1 . . . 2 . . . 4 14 2 . . . . 1 Blast 3 | . . . . . . . . . 3 . . . . . . . Smash 1 | . . . . . . . . . . . 1 . . . . . Impale 5 | . . . . . . . . . . . . . . 1 . 4 Melee Attacks 55 | . . . . . . . . . 9 . 3 . . 16 8 19 Impact 12 | . . . . . . . . . 9 . 3 . . . . . Slashing . | . . . . . . . . . . . . . . . . . Piercing 43 | . . . . . . . . . . . . . . 16 8 19 Sneak Attacks 3 | . . . . . . . . . 1 . . . . . 1 1 Combat Hostiles 1 | . . . . . . . . . 1 . . . . . . . Follow-up Attacks . | . . . . . . . . . . . . . . . . . Damage Inflicted 16122 | . 354 203 774 168 1924 . . 1404 4100 4432 1342 . . 241 103 1077 Guns 12803 | . 354 203 774 168 1874 . . 1404 1869 4432 1255 . . . . 470 Cannons 2174 | . . . . . 50 . . . 1954 . 62 . . . . 108 Explosions . | . . . . . . . . . . . . . . . . . Melee 1070 | . . . . . . . . . 277 . 25 . . 241 103 424 Ramming 75 | . . . . . . . . . . . . . . . . 75 Kinetic 11420 | . 354 203 509 102 945 . . 748 2743 4185 1161 . . . . 470 Thermal 3170 | . . . 265 66 952 . . 643 841 247 48 . . . . 108 Explosive . | . . . . . . . . . . . . . . . . . Electromagnetic 387 | . . . . . 27 . . 13 239 . 108 . . . . . Impact 302 | . . . . . . . . . 277 . 25 . . . . . Slashing . | . . . . . . . . . . . . . . . . . Piercing 768 | . . . . . . . . . . . . . . 241 103 424 Highest Corruption 8 | . . . . . . . . . 8 8 2 2 2 . 3 5 Average Corruption 5 | . . . . . . . . . 6 8 2 2 2 . 2 3 Corruption Purged . | . . . . . . . . . . . . . . . . . Corruption Blocked . | . . . . . . . . . . . . . . . . . Effects 52 | . . . . . . . . . 13 24 2 1 . . . 12 Message Errors 10 | . . . . . . . . . 2 5 . . . . . 3 Matter Fused 19 | . . . . . . . . . 4 7 1 1 . . . 6 Heat Flow Errors 3 | . . . . . . . . . . 3 . . . . . . Energy Discharges 7 | . . . . . . . . . 1 4 . . . . . 2 Data Loss (minor) 3 | . . . . . . . . . 1 . 1 . . . . 1 Data Loss (major) 3 | . . . . . . . . . 2 1 . . . . . . Misfires 2 | . . . . . . . . . . 2 . . . . . . Weapon Failures 5 | . . . . . . . . . 3 2 . . . . . . Overload Shots . | . . . . . . . . . . . . . . . . . Overflow Damage 230 | . . . . . 21 . . . 93 . . . . . . 116 Projectiles 50 | . . . . . 21 . . . 29 . . . . . . . Explosions . | . . . . . . . . . . . . . . . . . Melee 180 | . . . . . . . . . 64 . . . . . . 116 Knockbacks 16 | . . . . . . . . . 16 . . . . . . . Impact 2 | . . . . . . . . . 2 . . . . . . . Kinetic 14 | . . . . . . . . . 14 . . . . . . . Secondary . | . . . . . . . . . . . . . . . . . Self-Inflicted Damage 36 | . . . . . . . . . . . . . . . . 36 Shots . | . . . . . . . . . . . . . . . . . Rammed 6 | . . . . . . . . . . . . . . . . 6 Targets Rammed 6 | . . . . . . . . . . . . . . . . 6 Kicked . | . . . . . . . . . . . . . . . . . Crushed . | . . . . . . . . . . . . . . . . . Highest Temperature 638 | . . . 22 114 529 . . 370 638 190 141 . . . . 30 Average Temperature 133 | . . . 7 48 167 . . 150 207 42 48 . . . . 19 Received Heat Transfer 1678 | . 24 . 150 . 333 . . 144 279 225 388 18 . 9 . 108 Effects 30 | . . . . . 9 . . 1 20 . . . . . . . Shutdowns 10 | . . . . . 1 . . . 9 . . . . . . . Energy Bleed 3 | . . . . . 2 . . . 1 . . . . . . . Interference 2 | . . . . . 2 . . . . . . . . . . . Matter Decay 5 | . . . . . 1 . . 1 3 . . . . . . . Short Circuit 2 | . . . . . . . . . 2 . . . . . . . Damage (minor) 4 | . . . . . 3 . . . 1 . . . . . . . Damage (core) 4 | . . . . . . . . . 4 . . . . . . . Siege Activations . | . . . . . . . . . . . . . . . . . Robots Corrupted 2 | . . . . . . . . . 2 . . . . . . . Combat Hostiles 1 | . . . . . . . . . 1 . . . . . . . Parts Fried 6 | . . . . . . . . . 4 . . . . . . 2 Impact Corruptions 4 | . . . . . . . . . 3 . . . . . . 1 Robots Melted 2 | . . . . . 1 . . . 1 . . . . . . . Combat Hostiles 2 | . . . . . 1 . . . 1 . . . . . . . Parts Melted 7 | . . . 1 . 5 . . . 1 . . . . . . . Heat Transferred 7104 | . . . 703 148 2405 . . 1258 1887 518 74 . . . . 111 Parts Sabotaged . | . . . . . . . . . . . . . . . . . Parts Stolen . | . . . . . . . . . . . . . . . . . Parts Stripped . | . . . . . . . . . . . . . . . . . Power Chain Reactions . | . . . . . . . . . . . . . . . . . Alert | -11 -10 -10 -9 -8 -8 -7 -6 -6 -5 -5 -4 -4 -4 -3 -2 -2 ------- Run | Yrd Mat Min Mat Mat Gar Fac Fac DSF Fac Ext Fac Upp Upp Res Res Tes Peak Influence 770 | . 227 180 314 129 770 403 197 284 379 482 426 . . 241 86 210 Initial 403 | . . 35 . 48 83 403 197 137 149 158 201 . . 197 72 48 Average 250 | . 92 116 120 58 498 403 197 186 224 289 258 . . 122 79 80 Maximum Alert Level 3 | . 1 . 1 . 3 2 . 1 1 2 2 . . 1 . 1 Low Security (%) 52 | 100 88 100 71 100 14 . 100 48 52 20 . . . 90 100 99 Level 1 28 | . 11 . 28 . 18 . . 51 47 74 97 . . 9 . . Level 2 13 | . . . . . 43 100 . . . 5 2 . . . . . Level 3 5 | . . . . . 23 . . . . . . . . . . . Level 4 . | . . . . . . . . . . . . . . . . . Level 5 . | . . . . . . . . . . . . . . . . . High Security . | . . . . . . . . . . . . . . . . . Max Security . | . . . . . . . . . . . . . . . . . Sterilizations 1 | . . . . . . . . 1 . . . . . . . . Squads Dispatched 26 | . 1 . 1 . . . . 2 6 2 7 . . 1 2 4 Investigation 5 | . . . . . . . . . 1 1 1 . . . . 2 Extermination 4 | . . . . . . . . . 2 . . . . . 1 1 Reinforcement 14 | . 1 . 1 . . . . 2 3 1 3 . . 1 1 1 Assault . | . . . . . . . . . . . . . . . . . Garrison 3 | . . . . . . . . . . . 3 . . . . . Intercept . | . . . . . . . . . . . . . . . . . Searches Triggered . | . . . . . . . . . . . . . . . . . Construction Impeded 1 | . . . . . . . . . . 1 . . . . . . Haulers Reinforced 2 | . . . . . . . . . 1 . 1 . . . . . Active Scanning Responses . | . . . . . . . . . . . . . . . . . Cargo Convoy Interrupts . | . . . . . . . . . . . . . . . . . Stealth | -11 -10 -10 -9 -8 -8 -7 -6 -6 -5 -5 -4 -4 -4 -3 -2 -2 --------- Run | Yrd Mat Min Mat Mat Gar Fac Fac DSF Fac Ext Fac Upp Upp Res Res Tes Distress Signals 7 | . 1 . . 2 1 . . . . 1 1 . . . . 1 Communications Jammed . | . . . . . . . . . . . . . . . . . Distress Signals . | . . . . . . . . . . . . . . . . . Times Spotted 204 | . 13 9 17 8 27 . . 12 26 18 24 11 . 4 5 30 Peak Tracking Total 11 | . 4 3 4 5 5 . . 4 5 6 10 6 . 4 5 11 Tactical Retreats 21 | . . . 1 . 1 . . 1 3 1 4 3 . 1 1 5 Traps | -11 -10 -10 -9 -8 -8 -7 -6 -6 -5 -5 -4 -4 -4 -3 -2 -2 ------- Run | Yrd Mat Min Mat Mat Gar Fac Fac DSF Fac Ext Fac Upp Upp Res Res Tes Traps Triggered 11 | . . . . . 1 . . 5 2 . 1 . . . . 2 Indirectly . | . . . . . . . . . . . . . . . . . Trap Hack Attempts . | . . . . . . . . . . . . . . . . . Triggered . | . . . . . . . . . . . . . . . . . Disarmed . | . . . . . . . . . . . . . . . . . Reprogrammed . | . . . . . . . . . . . . . . . . . Reused . | . . . . . . . . . . . . . . . . . Traps Extracted . | . . . . . . . . . . . . . . . . . Installed . | . . . . . . . . . . . . . . . . . Triggered . | . . . . . . . . . . . . . . . . . Machines | -11 -10 -10 -9 -8 -8 -7 -6 -6 -5 -5 -4 -4 -4 -3 -2 -2 ---------- Run | Yrd Mat Min Mat Mat Gar Fac Fac DSF Fac Ext Fac Upp Upp Res Res Tes Machines Disabled 17 | . 1 . 2 . 4 . . 2 2 5 1 . . . . . Max in Single Turn 2 | . 1 . 1 . 2 . . 1 1 2 1 . . . . . Garrison Relay 1 | . . . . . 1 . . . . . . . . . . . Phase Generator 1 | . . . . . 1 . . . . . . . . . . . Machines Repaired . | . . . . . . . . . . . . . . . . . Machines Dismantled . | . . . . . . . . . . . . . . . . . Machines Sabotaged . | . . . . . . . . . . . . . . . . . Overloaded Fab Kills . | . . . . . . . . . . . . . . . . . Hacking | -11 -10 -10 -9 -8 -8 -7 -6 -6 -5 -5 -4 -4 -4 -3 -2 -2 --------- Run | Yrd Mat Min Mat Mat Gar Fac Fac DSF Fac Ext Fac Upp Upp Res Res Tes Machines Accessed 37 | . 6 . 4 3 2 . 1 . 4 1 6 1 . 3 3 3 Terminals 21 | . 6 . 4 1 2 . 1 . 2 1 1 . . 1 2 . Fabricators 4 | . . . . . . . . . 1 . 3 . . . . . Repair Stations 3 | . . . . . . . . . . . . . . 1 . 2 Recycling Units 1 | . . . . . . . . . . . 1 . . . . . Scanalyzers 4 | . . . . 1 . . . . 1 . . . . 1 . 1 Garrison Access 3 | . . . . 1 . . . . . . 1 . . . 1 . Total Hacks 113 | . 29 . 9 24 4 . 2 . 14 3 10 1 . 8 4 5 Successful 61 | . 17 . 3 21 1 . 1 . 8 . 3 1 . 5 . 1 Failed 50 | . 11 . 5 3 3 . 1 . 6 3 7 . . 3 4 4 Catastrophic 13 | . 1 . 2 . . . . . 2 1 2 . . 1 3 1 Database Lockouts 2 | . 1 . 1 . . . . . . . . . . . . . Manual 25 | . 15 . 5 2 . . . . 1 . 2 . . . . . Terminals 62 | . 29 . 9 3 4 . 2 . 4 3 2 . . 3 3 . Fabricators 9 | . . . . . . . . . 4 . 5 . . . . . Repair Stations 5 | . . . . . . . . . . . . . . 3 . 2 Recycling Units 1 | . . . . . . . . . . . 1 . . . . . Scanalyzers 31 | . . . . 20 . . . . 6 . . . . 2 . 3 Garrison Access 4 | . . . . 1 . . . . . . 2 . . . 1 . Terminal Hacks 24 | . 12 . 3 2 1 . 1 . 1 . 1 1 . 2 . . Record 2 | . . . . . . . . . . . 1 . . 1 . . Part Schematic 1 | . . . . 1 . . . . . . . . . . . . Robot Analysis 4 | . 2 . 1 1 . . . . . . . . . . . . Prototype ID Bank 3 | . 2 . 1 . . . . . . . . . . . . . Open Door 1 | . . . . . . . . . . . . 1 . . . . Open DSF 1 | . . . . . . . 1 . . . . . . . . . Emergency Access Points 1 | . 1 . . . . . . . . . . . . . . . Terminal Index 1 | . 1 . . . . . . . . . . . . . . . Alert Level 1 | . 1 . . . . . . . . . . . . . . . Unreport Threat 2 | . 1 . . . . . . . . . . . . 1 . . Locate Traps 3 | . 2 . 1 . . . . . . . . . . . . . Zone Layout 3 | . 2 . . . . . . . 1 . . . . . . . Patrol Navigation 1 | . . . . . 1 . . . . . . . . . . . Fabricator Hacks 4 | . . . . . . . . . 2 . 2 . . . . . Network Status 3 | . . . . . . . . . 1 . 2 . . . . . Load Schematic 1 | . . . . . . . . . 1 . . . . . . . Repair Station Hacks 2 | . . . . . . . . . . . . . . 2 . . Scan Component 1 | . . . . . . . . . . . . . . 1 . . Repair 1 | . . . . . . . . . . . . . . 1 . . Recycling Unit Hacks . | . . . . . . . . . . . . . . . . . Scanalyzer 25 | . . . . 18 . . . . 5 . . . . 1 . 1 Insert Component 14 | . . . . 9 . . . . 3 . . . . 1 . 1 Analyze 11 | . . . . 9 . . . . 2 . . . . . . . Garrison Access Hacks 1 | . . . . 1 . . . . . . . . . . . . Unlock Access 1 | . . . . 1 . . . . . . . . . . . . Unauthorized Hacks 5 | . 5 . . . . . . . . . . . . . . . Terminals 5 | . 5 . . . . . . . . . . . . . . . Track 1 | . 1 . . . . . . . . . . . . . . . Assimilate 1 | . 1 . . . . . . . . . . . . . . . Botnet 1 | . 1 . . . . . . . . . . . . . . . Detonate 1 | . 1 . . . . . . . . . . . . . . . Operators 1 | . 1 . . . . . . . . . . . . . . . Fabricators . | . . . . . . . . . . . . . . . . . Repair Stations . | . . . . . . . . . . . . . . . . . Recycling Units . | . . . . . . . . . . . . . . . . . Scanalyzers . | . . . . . . . . . . . . . . . . . Garrison Access . | . . . . . . . . . . . . . . . . . Data Cores Recovered 2 | . . . . 1 . . . . . 1 . . . . . . Used . | . . . . . . . . . . . . . . . . . Hacking Detections 33 | . 6 . 4 2 2 . . . 4 1 6 . . 2 3 3 Full Trace Events 3 | . . . . . . . . . 1 1 . . . . . 1 Feedback Events . | . . . . . . . . . . . . . . . . . Feedback Blocked . | . . . . . . . . . . . . . . . . . Robot Schematics Acquired 1 | . . . . . . . . . . . . . . . . 1 Robots Built . | . . . . . . . . . . . . . . . . . Authchips . | . . . . . . . . . . . . . . . . . Time . | . . . . . . . . . . . . . . . . . Total Robot Build Rating . | . . . . . . . . . . . . . . . . . Part Schematics Acquired 16 | . . . . 10 . . . . 1 . . . . . . 5 Parts Built . | . . . . . . . . . . . . . . . . . Authchips . | . . . . . . . . . . . . . . . . . Time . | . . . . . . . . . . . . . . . . . Total Part Build Rating . | . . . . . . . . . . . . . . . . . Parts Repaired 1 | . . . . . . . . . . . . . . 1 . . Time 62 | . . . . . . . . . . . . . . 62 . . Parts Recycled . | . . . . . . . . . . . . . . . . . Recycled Matter . | . . . . . . . . . . . . . . . . . Retrieved Matter . | . . . . . . . . . . . . . . . . . Retrieved Components . | . . . . . . . . . . . . . . . . . Parts Scanalyzed 13 | . . . . 9 . . . . 2 . . . . 1 . 1 Part Schematics Acquired 10 | . . . . 9 . . . . 1 . . . . . . . Parts Damaged 1 | . . . . . . . . . . . . . . 1 . . Bothacking | -11 -10 -10 -9 -8 -8 -7 -6 -6 -5 -5 -4 -4 -4 -3 -2 -2 ------------ Run | Yrd Mat Min Mat Mat Gar Fac Fac DSF Fac Ext Fac Upp Upp Res Res Tes Used RIF Installer . | . . . . . . . . . . . . . . . . . Robots Hacked . | . . . . . . . . . . . . . . . . . Non-combat . | . . . . . . . . . . . . . . . . . Combat . | . . . . . . . . . . . . . . . . . Robot Hacks Applied . | . . . . . . . . . . . . . . . . . Relay Couplers Released 8 | . . . . . 8 . . . . . . . . . . . Machine Destruction 5 | . . . . . 5 . . . . . . . . . . . Programmers 3 | . . . . . 3 . . . . . . . . . . . Fabnet Peak Effective % . | . . . . . . . . . . . . . . . . . Robots Rewired 2 | . . . . . 2 . . . . . . . . . . . Allies Hacked . | . . . . . . . . . . . . . . . . . Hacks Repelled . | . . . . . . . . . . . . . . . . . Allies | -11 -10 -10 -9 -8 -8 -7 -6 -6 -5 -5 -4 -4 -4 -3 -2 -2 -------- Run | Yrd Mat Min Mat Mat Gar Fac Fac DSF Fac Ext Fac Upp Upp Res Res Tes Total Allies 3 | . 1 . . . 2 . . . . . . . . . . . Largest Group 3 | . 1 1 1 1 3 3 3 3 . . . . . . . . Highest-Rated Group 52 | . 10 10 10 10 52 52 52 52 . . . . . . . . Highest-Rated Ally 21 | . 10 10 10 10 21 21 21 21 . . . . . . . . Warlord Squad Rendezvous 1 | . . . . . . . . . . . . . . . 1 . Ghost 1 | . . . . . . . . . . . . . . . 1 . Total Orders 2 | . . . . . 2 . . . . . . . . . . . STAY 1 | . . . . . 1 . . . . . . . . . . . FOLLOW 1 | . . . . . 1 . . . . . . . . . . . Ally Attacks 5 | . . . . . . . . 5 . . . . . . . . Total Damage 157 | . . . . . . . . 157 . . . . . . . . Kills 1 | . . . . . . . . 1 . . . . . . . . Allies Corrupted . | . . . . . . . . . . . . . . . . . Allies Melted . | . . . . . . . . . . . . . . . . . Intel | -11 -10 -10 -9 -8 -8 -7 -6 -6 -5 -5 -4 -4 -4 -3 -2 -2 ------- Run | Yrd Mat Min Mat Mat Gar Fac Fac DSF Fac Ext Fac Upp Upp Res Res Tes Robot Analysis Total 4 | . 2 . 1 1 . . . . . . . . . . . . Derelict Logs Recovered 3 | . . 1 . . . . . . . . . 2 . . . . Drone Launches . | . . . . . . . . . . . . . . . . . Drone Recoveries . | . . . . . . . . . . . . . . . . . Exploration | -11 -10 -10 -9 -8 -8 -7 -6 -6 -5 -5 -4 -4 -4 -3 -2 -2 ------------- Run | Yrd Mat Min Mat Mat Gar Fac Fac DSF Fac Ext Fac Upp Upp Res Res Tes Turns Passed 6695 | 39 325 472 418 132 1595 133 21 290 1010 562 382 126 16 191 354 629 Spaces Moved 4593 | 33 242 387 250 87 730 67 11 88 412 248 527 319 47 165 398 582 Core 66 | 3 . . . . 9 . . . . . 15 . . 4 . 35 Treads 189 | . . . . . . . . 19 119 42 9 . . . . . Legs 627 | . . . . . 217 67 11 69 160 103 . . . . . . Wheels 1798 | 30 242 387 250 87 504 . . . 133 103 62 . . . . . Hover 498 | . . . . . . . . . . . 8 . . 13 148 329 Flight 1415 | . . . . . . . . . . . 433 319 47 148 250 218 Fastest Speed 17 | 50 90 105 115 115 115 186 187 165 120 101 34 34 34 34 34 17 Average Speed 105 | 86 98 109 115 115 176 186 187 185 168 152 52 34 34 39 76 60 Slowest Speed 950 | 100 105 130 115 115 950 186 187 250 470 320 200 34 34 100 147 350 Overloaded Moves 213 | . . . . . . . . . . . . . . . . 213 Propulsion Burnouts . | . . . . . . . . . . . . . . . . . Robots Hopped 17 | . . . . . . . . . . . 12 1 . . 2 2 Cave-ins Triggered . | . . . . . . . . . . . . . . . . . Exploration Rate (%) 34 | 3 41 90 38 11 88 3 . 74 11 43 23 50 8 6 10 54 Regions Visited 16 Branch Regions 5 Pre-discovered Areas 1 | . . . . . . . . . . . . 1 . . . . Known Exits Taken 2 | . . . . 1 . . 1 . . . . . . . . . Unknown Exits Taken 12 | 1 1 1 1 . . 1 . . 1 1 1 1 1 1 1 . Scrap Searched 2 | . . 2 . . . . . . . . . . . . . . Spaces Dug 7 | . . . . . . . . . . . . . . 4 3 . Terrain Destroyed 209 | . . . . . 74 . . . 32 78 18 . . 4 3 . Melee 7 | . . . . . . . . . . . . . . 4 3 . Projectile 128 | . . . . . . . . . 32 78 18 . . . . . AOE 73 | . . . . . 73 . . . . . . . . . . . Terrain Rammed . | . . . . . . . . . . . . . . . . . Walls Destroyed . | . . . . . . . . . . . . . . . . . Machines Disabled . | . . . . . . . . . . . . . . . . . Actions | -11 -10 -10 -9 -8 -8 -7 -6 -6 -5 -5 -4 -4 -4 -3 -2 -2 --------- Run | Yrd Mat Min Mat Mat Gar Fac Fac DSF Fac Ext Fac Upp Upp Res Res Tes Total 5638 | 40 290 410 313 103 896 76 12 164 603 320 570 335 46 254 431 775 Wait 295 | . 23 7 14 6 18 7 . 1 60 3 . 5 . 50 8 93 Move 4540 | 32 241 386 249 86 723 66 10 87 411 247 504 316 46 164 394 578 Hop 14 | . . . . . . . . . . . 10 1 . . 1 2 Pick Up 101 | 2 4 2 11 3 25 1 . 11 11 6 6 2 . 4 6 7 Fast Attach 110 | 6 1 . 1 . 8 . . 2 25 13 11 3 . 10 5 25 Attach 74 | . . . 6 2 14 2 2 11 9 3 7 4 . 4 1 9 Detach 10 | . . . . . . . . . 1 1 2 2 . 1 2 1 Swap 3 | . 1 1 . . 1 . . . . . . . . . . . Drop 67 | . 1 1 2 . 9 . . 4 15 3 6 2 . 5 6 13 Fire 313 | . 19 13 30 6 65 . . 31 62 44 21 . . . . 22 Melee 55 | . . . . . . . . . 9 . 3 . . 16 8 19 Ram 6 | . . . . . . . . . . . . . . . . 6 Kick . | . . . . . . . . . . . . . . . . . Crush . | . . . . . . . . . . . . . . . . . Escape Stasis 25 | . . . . . 8 . . 17 . . . . . . . . Rewire 25 | . . . . . 25 . . . . . . . . . . . Trap . | . . . . . . . . . . . . . . . . . Miscellaneous . | . . . . . . . . . . . . . . . . . Route ------- -11/Scrapyard -10/Materials (discovered 2 exits: [*Min x2]) -10/Mines -9/Materials -8/Materials -8/Garrison (discovered 3 exits: [*Fac x3]) -7/Factory -6/Factory -6/DSF -5/Factory -5/Extension (discovered 2 exits: *Fac / [*Cet]) -4/Factory -4/Upper Caves -4/Upper Caves -3/Research -2/Research -2/Testing History --------- Turn | Location | Event 27 | -11/Scrapyard | Discovered new exit (range 14) 40 | -11/Scrapyard | Entered Materials 84 | -10/Materials | Central database locked down 259 | -10/Materials | Discovered new exit (range 8) 308 | -10/Materials | Build established: Mutant 322 | -10/Materials | Discovered new exit (range 15) 365 | -10/Materials | Entered Mines 365 | -10/Mines | Accompanied by 1 ally 469 | -10/Mines | Assembled infested the area 474 | -10/Mines | Assisted by a Guerilla fighting off Assembled 595 | -10/Mines | Learned Materials garrison access intel 816 | -10/Mines | Discovered new exit (range 9) 837 | -10/Mines | Entered Materials 837 | -9/Materials | Accompanied by 1 ally 837 | -9/Materials | Evolved 2 slots: Utility x1, Weapon x1 1137 | -9/Materials | Destroyed 7 combat bots 1160 | -9/Materials | Central database locked down 1192 | -9/Materials | Discovered new exit (range 15) 1255 | -9/Materials | Entered another Materials area 1255 | -8/Materials | Accompanied by 1 ally 1255 | -8/Materials | Evolved 2 slots: Weapon x2 1256 | -8/Materials | Loaded intel: 1 garrison access location 1386 | -8/Materials | Identified exit to Garrison 1387 | -8/Materials | Entered Garrison 1387 | -8/Garrison | Accompanied by 1 ally 1391 | -8/Garrison | Build established: Gunner 1505 | -8/Garrison | Triggered checkpoint 1620 | -8/Garrison | Triggered checkpoint 1851 | -8/Garrison | Discovered new exit (range 12) 1870 | -8/Garrison | Build established: Tank 1890 | -8/Garrison | Attempted to access garrison exit controls, blocked by remote lockdown 1908 | -8/Garrison | Phase Generator disabled 1983 | -8/Garrison | Triggered checkpoint 2020 | -8/Garrison | Lost 3 parts (2u1w) 2147 | -8/Garrison | Triggered checkpoint 2265 | -8/Garrison | Core integrity fell below 50% 2287 | -8/Garrison | Discovered new exit (range 9) 2305 | -8/Garrison | Lost 7 parts (1p2n1u3w) 2517 | -8/Garrison | Attempted to access garrison exit controls, blocked by remote lockdown 2601 | -8/Garrison | Garrison Relay disabled 2661 | -8/Garrison | Build established: Scavenger-Gunner 2673 | -8/Garrison | Triggered checkpoint 2959 | -8/Garrison | Discovered new exit (range 10) 2982 | -8/Garrison | Entered Factory 2982 | -7/Factory | Accompanied by 3 allies 2982 | -7/Factory | Evolved 2 slots: Propulsion x1, Utility x1 3071 | -7/Factory | Discovered new exit (range 12) 3115 | -7/Factory | Entered another Factory area 3115 | -6/Factory | Accompanied by 3 allies 3115 | -6/Factory | Evolved 2 slots: Propulsion x1, Utility x1 3136 | -6/Factory | Identified exit to DSF 3136 | -6/Factory | Entered DSF 3136 | -6/DSF | Accompanied by 3 allies 3158 | -6/DSF | Additional patrols routed to DSF 3240 | -6/DSF | Lost 8 parts (1n3u4w) 3296 | -6/DSF | Found Prototype Device 3323 | -6/DSF | Discovered new exit (range 15) 3384 | -6/DSF | Sterilization system engaged 3404 | -6/DSF | Ambient heat levels rising (+10) 3412 | -6/DSF | Lost 4 parts (2n1u1w) 3419 | -6/DSF | Ambient heat levels rising (+10) 3426 | -6/DSF | Entered Factory 3426 | -5/Factory | Evolved 2 slots: Power x1, Weapon x1 3559 | -5/Factory | Identified Active Sensor Suite 3722 | -5/Factory | Lost 3 parts (1u2w) 3726 | -5/Factory | Core integrity fell below 50% 3844 | -5/Factory | Lost 3 parts (3n) 3952 | -5/Factory | Lost 4 parts (1n2u1w) 4173 | -5/Factory | Core integrity fell below 20% 4373 | -5/Factory | Build established: Scavenger-Executioner 4418 | -5/Factory | Discovered new exit (range 15) 4436 | -5/Factory | Entered Extension 4533 | -5/Extension | Spotted B-75 Beast 4560 | -5/Extension | Destroyed B-75 Beast 4575 | -5/Extension | Spotted B-75 Beast 4616 | -5/Extension | Destroyed B-75 Beast 4642 | -5/Extension | Lost 8 parts (3n4u1w) 4686 | -5/Extension | Disrupted transfer network 4972 | -5/Extension | Discovered new exit (range 16) 4972 | -5/Extension | Discovered new exit (range 16) 4998 | -5/Extension | Entered Factory 4998 | -4/Factory | Evolved 2 slots: Utility x2 5063 | -4/Factory | Garrison activated, responded to threat 5164 | -4/Factory | Released all parts (3) 5168 | -4/Factory | Core integrity fell below 50% 5195 | -4/Factory | Lost 22 parts (2p6n4u10w) 5368 | -4/Factory | Discovered new exit (range 11) 5380 | -4/Factory | Entered Upper Caves 5397 | -4/Upper Caves | Met a Warlord Commander 5398 | -4/Upper Caves | Learned location of Warlord (-4) 5399 | -4/Upper Caves | Warlord Commander delivered Encrypted Comm Array 5404 | -4/Upper Caves | Found Encrypted Comm Array 5411 | -4/Upper Caves | Spotted B-86 Titan 5427 | -4/Upper Caves | Learned Research terminal intel 5438 | -4/Upper Caves | Build established: Mutant 5489 | -4/Upper Caves | Learned Research non-interactive machine intel 5504 | -4/Upper Caves | Discovered new exit (range 5) 5506 | -4/Upper Caves | Entered another Upper Caves area 5519 | -4/Upper Caves | Discovered new exit (range 9) 5522 | -4/Upper Caves | Entered Research 5522 | -3/Research | Evolved 2 slots: Propulsion x2 5523 | -3/Research | Loaded intel: 67 non-interactive machine locations 5524 | -3/Research | Loaded intel: 21 terminal locations 5589 | -3/Research | Repaired Antimatter Reactor? 5648 | -3/Research | Lost 4 parts (1p1n2w) 5648 | -3/Research | Discovered new exit (range 6) 5713 | -3/Research | Entered another Research area 5713 | -2/Research | Evolved 2 slots: Utility x2 5729 | -2/Research | Joined by Warlord Ghost squad 5784 | -2/Research | Discovered new exit (range 7) 6067 | -2/Research | Entered Testing 6187 | -2/Testing | Spotted Striker 6188 | -2/Testing | Spotted Striker 6270 | -2/Testing | Lost 11 parts (2p3n5u1w) 6507 | -2/Testing | Core integrity fell below 50% 6557 | -2/Testing | Spotted Alpha 7 6567 | -2/Testing | Found Prototype Reactor 6567 | -2/Testing | Identified Zero-point Reactor 6574 | -2/Testing | Lost 13 parts (6n4u3w) 6577 | -2/Testing | Core integrity fell below 20% 6650 | -2/Testing | Lost 6 parts (1p2n2u1w) 6691 | -2/Testing | Spotted Fortress 6696 | -2/Testing | Destroyed by Fortress with Graviton Cannon Last Messages --------------- 06593_ Extracted schematic archive: A-02 Transporter. 06593_ Extracted schematic archive: Exp. Focal Shield. 06594_ Acquired Sml. Storage Unit. 06595_ R-10 Processor collects Imp. Component Analysis Suite. 06608_ Cld. Linear Gravjet destroyed. 06610_ U-05 Engineer builds a Door. 06610_ Slammed into G-73 Enforcer. 06610_ Destabilizing: System corrupted (+1). 06616_ Lgt. Neutrino Core destroyed. 06619_ Imp. System Guard destroyed. 06624_ System corrupted: Matter fused (-10). 06630_ K-01 Serf cleans the Particle Synthesizer. 06637_ C-65 Expert calibrates the Particle Synthesizer. 06653_ System corrupted: Matter fused (-10). 06656_ C-65 Expert calibrates the Particle Synthesizer. 06670_ Acquired Prototype Storage. 06670_ Identified Adv. Energy Well. 06678_ C-65 Expert calibrates the Prototyping Station. [Achievement: Nope] 06695_ K-01 Serf cleans the Machine. Map ----- +----------------------------------------------------+ | ?????????????????????????????????????????????????? | | ?????????????????????????????????????????????????? | | ?????????????????????????????????????????????????? | | ?????????????????????????????????????????????????? | | ?????????????????????????????????????????????????? | | ?????????????????????????????????????????????????? | | ?????????????????????????????????????????????????? | | ?????????????????????????????????????????????????? | | ?????????????????????????????????????????????????? | | ?????????????????????????????????????????????????? | | ?????????????????????????????????????????????????? | | ?????????????????????????????????????????????????? | | ?????????????????????????????????????????????????? | | ?????????????????????????????????????????????????? | | ?????????????????????????????????????????????????? | | ?????????????????????????????????????????????????? | | ?????????????????????????????????????????????????? | | ?????????????????????????????????????????????????? | | ?????????????????????????????????????????????????? | | #######################################??????????? | | ??????????? | | c ?????????? | | ?????????? | | % ????????? | | ????????? | | @ ????????? | | ######################k #####???????????????? | | ?????????????????????#" FFF""#???????????????????? | | ?????????????????????#""FFF""#???????????????????? | | ?????????????????????#""FFF""#???????????????????? | | ?????????????????????#"" ""#???????????????????? | | ?????????????????????#"""""""#???????????????????? | | ?????????????????????#########???????????????????? | | ?????????????????????????????????????????????????? | | ?????????????????????????????????????????????????? | | ?????????????????????????????????????????????????? | | ?????????????????????????????????????????????????? | | ?????????????????????????????????????????????????? | | ?????????????????????????????????????????????????? | | ?????????????????????????????????????????????????? | | ?????????????????????????????????????????????????? | | ?????????????????????????????????????????????????? | | ?????????????????????????????????????????????????? | | ?????????????????????????????????????????????????? | | ?????????????????????????????????????????????????? | | ?????????????????????????????????????????????????? | | ?????????????????????????????????????????????????? | | ?????????????????????????????????????????????????? | | ?????????????????????????????????????????????????? | | ?????????????????????????????????????????????????? | +----------------------------------------------------+ Best States ------------- Heat Dissipation 139 Coolant Potential 80 Energy Generation 39 Energy Capacity 610 Matter Stores 450 Matter Capacity 450 Sight Range 18 Terrain Scan Range 20 Terrain Scan Density 10 ECM Strength 1 Base Temperature (-) 200 Corruption Containment 12 Armor Coverage 600 Resistance: KI 25 Weapon Cycling 20 Phase Shifting 15 Evasion (%) 73 Recoil Reduction 6 Kinecelleration 40 Salvage Targeting 9 Offensive Hacking 10 Defensive Hacking 10 Item Schematics ----------------- Arm. Wheel | -8/Materials | Hacked Cooling System | -8/Materials | Scanalyzed Hacking Suite | -8/Materials | Scanalyzed Lgt. Nuclear Core | -8/Materials | Scanalyzed Hcp. Battery | -8/Materials | Scanalyzed Visual Processing Unit | -8/Materials | Scanalyzed System Shield | -8/Materials | Scanalyzed Hvy. Particle Cannon | -8/Materials | Scanalyzed Imp. Medium Laser | -8/Materials | Scanalyzed Sml. Laser | -8/Materials | Scanalyzed Imp. Particle Charger | -5/Factory | Scanalyzed Cld. Antigrav System | -2/Testing | Archive Adv. KE Penetrator | -2/Testing | Archive Imp. Matter Neutralizer | -2/Testing | Archive Spectral Analyzer | -2/Testing | Archive Exp. Focal Shield | -2/Testing | Archive Robot Schematics ------------------ A-02 Transporter | -2/Testing | Archive Fabricated ------------ Nothing Alien Tech Used ----------------- None Achievements -------------- Nope Challenges ------------ None Game ------ Seed ThunderGatlingKit Manual? 0 Play Time 01:04:35 Cumulative 195.1 hours Start 2024.06.10 @ 01:03:28 End 2024.06.10 @ 02:08:07 Sessions 1 Manual Loads 0 Difficulty Rogue Special Mode None Game No. 173 Rogue 173 Adventurer 0 Explorer 0 Win Type - Total 3 Types 3/0/0/0/0/0/0/0/0 Lore% 54 Gallery% 70 Achievement% 56 Wizard Run 0 Options --------- Layout 0 ASCII 0 Keyboard 0 Movement Numpad Keybinds 0 Fullscreen 2 Font 18/SmallcapsGlow Map View 76x50 Zoom Use 0% Tactical HUD 1 Map Filters NONE Filters NONE Steam 1 RUN: 11bd3ed0-2490-4f46-bf90-b6bc4d687d72